 Dungeon Crawl Stone Soup version 0.24-a0-584-g9d6b971ae4 (webtiles) character file.

Game seed: 5332078886456500519, levelgen mode: deterministic

21103 Ijustatesigmund the Blocker (level 12, -2/97 HPs)
             Began as a Gnoll Fighter on Aug 29, 2019.
             Was a High Priest of Okawaru.
             Slain by a tentacled starspawn (12 damage)
             ... on level 2 of the Abyss.
             The game lasted 00:37:06 (12486 turns).

Ijustatesigmund the Blocker (Gnoll Fighter)        Turns: 12486, Time: 00:37:06

Health: -2/97      AC: 21    Str: 19    XL:     12   Next: 86%
Magic:  23/23      EV: 15    Int: 11    God:    Okawaru [*****.]
Gold:   589        SH: 13    Dex: 19    Spells: 23/26 levels left

rFire    + . .     SeeInvis .   I - +4 scimitar (flame)
rCold    . . .     Gourm    .   c - +1 shield
rNeg     . . .     Faith    .   E - +4 scale mail {rPois}
rPois    +         Spirit   .   D - +1 helmet
rElec    .         Reflect  .   O - +1 cloak {+Inv}
rCorr    .         Harm     .   l - +2 pair of gloves
MR       .....                  (no boots)
Stlth    +++.......             n - amulet of the acrobat
HPRegen  0.26/turn              P - ring of protection from fire
MPRegen  0.18/turn              s - +3 ring of slaying

@: about to teleport
A: distributed training, fangs 1, talons 1, sturdy frame 1, strong nose
a: Heroism, Finesse, Renounce Religion, Evoke Invisibility


You were on level 2 of the Abyss.
You worshipped Okawaru.
Okawaru was extremely pleased with you.
You were not hungry.

You visited 2 branches of the dungeon, and saw 13 of its levels.
You visited the Abyss 1 time.
You also visited: Sewer.

You collected 897 gold pieces.
You spent 308 gold pieces at shops.

Inventory:

Hand Weapons
 a - a +0 morningstar of flaming
 B - the +5 hunting sling "Vazxi" {venom, +Fly rPois Str+7}
   (You found it on level 5 of the Dungeon)

   It poisons the ammo it fires.
   It affects your strength (+7).
   It protects you from poison.
   It lets you fly.
 I - a +4 scimitar of flaming (weapon)
 K - a +3 trident of freezing
Missiles
 A - 29 sling bullets
Armour
 c - a +1 shield (worn)
 l - a +2 pair of gloves (worn)
 D - a +1 helmet (worn)
 E - a +4 scale mail of poison resistance (worn)
 O - a +1 cloak of invisibility (worn)
Jewellery
 n - an amulet of the acrobat (around neck)
 s - a +3 ring of slaying (right hand)
 u - a +4 ring of dexterity
 z - an uncursed ring of flight
 J - an uncursed ring of protection from magic
 P - a ring of protection from fire (left hand)
Wands
 b - a wand of scattershot (2)
 t - a wand of paralysis (10)
 v - a wand of enslavement (9)
 w - a wand of disintegration (18)
 y - a wand of digging (2)
 C - a wand of random effects (42)
 N - a wand of flame (20)
Scrolls
 e - 5 scrolls of identify
 g - 8 scrolls of teleportation
 h - 10 scrolls of magic mapping
 i - 2 scrolls of amnesia
 k - 4 scrolls of fog
 r - a scroll of immolation
 F - 2 scrolls of enchant weapon
 H - 3 scrolls of remove curse
 M - a scroll of blinking
Potions
 d - 5 potions of might
 j - 5 potions of lignification
 m - 6 potions of heal wounds
 o - 4 potions of curing
 p - 6 potions of haste
 q - 3 potions of brilliance
 x - a potion of cancellation
 G - 2 potions of agility
 L - a potion of invisibility
Comestibles
 f - 26 rations


   Skills:
 + Level 10.0 Fighting
 + Level 7.5 Short Blades
 + Level 7.5 Long Blades
 + Level 7.5 Axes
 + Level 8.9 Maces & Flails
 + Level 7.5 Polearms
 + Level 7.5 Staves
 + Level 7.5 Slings
 + Level 7.5 Bows
 + Level 7.5 Crossbows
 + Level 7.5 Throwing
 + Level 10.0 Armour
 + Level 7.5 Dodging
 + Level 7.5 Stealth
 + Level 10.0 Shields
 + Level 7.5 Unarmed Combat
 + Level 7.5 Spellcasting
 + Level 6.3 Conjurations
 + Level 6.3 Hexes
 + Level 6.3 Charms
 + Level 6.3 Summonings
 + Level 6.3 Necromancy
 + Level 6.3 Translocations
 + Level 6.3 Transmutations
 + Level 6.3 Fire Magic
 + Level 6.3 Ice Magic
 + Level 6.3 Air Magic
 + Level 6.3 Earth Magic
 + Level 6.3 Poison Magic
 + Level 8.3 Invocations
 + Level 7.5 Evocations


You had 23 spell levels left.
You knew the following spells:

 Your Spells              Type           Power        Failure   Level  Hunger
a - Magic Dart            Conj           ###.         4%          1    None
b - Blink                 Tloc           N/A          6%          2    #......

Your spell library contained the following spells:

 Spells                   Type           Power        Failure   Level  Hunger
 Corona                   Hex            ###....      4%          1    None
 Shock                    Conj/Air       ###.         4%          1    None
 Call Imp                 Summ           ###.....     6%          2    #......
 Ensorcelled Hibernation  Hex/Ice        ###...       6%          2    #......
 Slow                     Hex            ###.....     6%          2    #......
 Swiftness                Chrm/Air       ###.....     6%          2    #......
 Confuse                  Hex            ###.....     12%         3    ###....
 Conjure Flame            Conj/Fire      ###.....     12%         3    ###....
 Dazzling Spray           Conj/Hex       ###...       12%         3    ###....
 Mephitic Cloud           Conj/Pois/Air  ###.....     12%         3    ###....
 Static Discharge         Conj/Air       ###.....     12%         3    ###....
 Tukima's Dance           Hex            ###.....     12%         3    ###....
 Airstrike                Air            ###.......   38%         4    ####...
 Lightning Bolt           Conj/Air       ###.......   75%         5    ######.


Dungeon Overview and Level Annotations

Branches:
Dungeon (12/15)            Temple (1/1) D:4            Lair (0/6) D:8
    Orc (0/2) D:12          Sewer (visited)

Altars:
Ashenzari
Dithmenos
Elyvilon
Fedhas
Gozag
Hepliaklqana
Kikubaaqudgha
Makhleb
Nemelex Xobeh
Okawaru
Qazlal
Ru
Sif Muna
Trog
Uskayaw
Vehumet
Wu Jian
Xom
Yredelemnul
Zin

Shops:
D:5 [

Annotations:
D:3 1 runed translucent door, Killmatronix's ghost, amateur MiFE
D:12 Erolcha


Innate Abilities, Weirdness & Mutations

Your experience applies equally to all skills.
You have very sharp teeth.
Your uncanny sense of smell can sniff out nearby items.
You have sharp toenails.
Your movements are slightly less encumbered by armour. (ER -2)


Message History

A starspawn tentacle comes into view.
You hit the starspawn tentacle. You burn the starspawn tentacle.
You destroy the starspawn tentacle!
You block the starspawn tentacle's attack.
The raiju bursts into living lightning!
The living lightning hits you! The living lightning hits you!!
* * * LOW HITPOINT WARNING * * *
The living lightning hits the hell hound!
The raiju blinks! x3
You slash the tentacled starspawn! You burn the tentacled starspawn.
You claw the tentacled starspawn.
The tentacled starspawn is severely damaged.
The raiju bursts into living lightning!
The living lightning hits the hell hound.
The living lightning hits you!
* * * LOW HITPOINT WARNING * * *
The living lightning hits you.
* * * LOW HITPOINT WARNING * * *
The raiju blinks!
The tentacled starspawn bites you!
You die...

( . . (# .#. #
#. #. # ##.
#.###. ...
#....#####..
..#...§#h.#..##
......h#†.#...##
#..X@.....#.#
#..#w#h..#..#
#.. #...###. .#
# ###### .# #.#.
#.# #. . . ..#
#..# .. .# . #.
#.. . # . . #


You could see a tentacled starspawn, 2 raiju, a hell hound and a starspawn
tentacle.

Vanquished Creatures
  Rupert (D:12)
  An ophan (Abyss:2)
  A hydra (D:12)
  Erica (D:8)
  The ghost of losten the Cleaver, a novice MiFi (D:8)
  2 two-headed ogres
  Urug (D:12)
  An unseen horror (D:11)
  A cyclops (D:12)
  An ugly thing (D:12)
  Maurice (D:10)
  An elephant (D:8)
  A smoke demon (Abyss:2)
  A gargoyle (D:10)
  3 yaktaurs (D:12)
  4 trolls
  A hornet (D:10)
  Grinder (D:3)
  3 raiju (Abyss:2)
  3 hippogriffs
  2 wyverns
  5 yaks
  2 spriggans
  A neqoxec (Abyss:2)
  A basilisk (D:8)
  2 hungry ghosts
  Grum (D:11)
  Menkaure (D:5)
  6 insubstantial wisps (Abyss:2)
  An acid dragon (D:12)
  A hell hound (Abyss:2)
  5 ice beasts
  2 ogres
  A black bear (D:8)
  2 sky beasts
  2 necrophages (D:7)
  3 orc warriors
  2 phantoms
  3 small abominations (Abyss:2)
  3 centaurs (D:10)
  3 wolves
  A crocodile (D:8)
  4 big kobolds
  8 bullfrogs
  5 scorpions
  A killer bee (D:8)
  An electric eel (D:6)
  4 howler monkeys
  3 bullfrog zombies (D:9)
  2 quasits
  A centaur zombie (D:7)
  6 crimson imps
  A centaur skeleton (D:11)
  3 jellies
  5 orc priests
  12 hounds
  9 orc wizards
  A bullfrog skeleton (D:5)
  Jessica (D:3)
  2 iguanas
  3 worker ants
  A worker ant zombie (D:9)
  Robin (D:2)
  4 gnolls (D:7)
  A howler monkey zombie (D:7)
  16 adders
  3 river rats (Sewer)
  A shadow imp (D:10)
  5 oozes
  An adder zombie (D:6)
  An adder skeleton (D:7)
  2 worms
  2 dart slugs (D:1)
  6 leopard geckos
  34 orcs
  13 ball pythons
  7 giant cockroaches
  11 goblins
  9 hobgoblins
  12 jackals
  5 quokkas
  18 bats
  5 frilled lizards
  23 kobolds
  A quokka zombie (D:6)
  31 rats
  3 fungi (D:5)
  2 starspawn tentacles (Abyss:2)
  A toadstool (D:1)
371 creatures vanquished.

Vanquished Creatures (collateral kills)
  A spriggan (D:8)
1 creature vanquished.

Vanquished Creatures (others)
  A spriggan (D:8)
  17 fungi
  3 plants (D:8)
  A starspawn tentacle (Abyss:2)
  3 toadstools (D:1)
25 creatures vanquished.

Grand Total: 397 creatures vanquished

Notes
Turn   | Place    | Note
-------+----------+-------------------------------------------
     0 | D:1      | Ijustatesigmund the Gnoll Fighter began the quest for the
                  | Orb.
     0 | D:1      | Reached XP level 1. HP: 23/23 MP: 1/1
    61 | D:1      | Reached XP level 2. HP: 28/29 MP: 2/2
   517 | D:2      | Found a shimmering altar of Xom.
   517 | D:2      | Noticed Robin
   522 | D:1      | Reached XP level 3. HP: 35/35 MP: 3/3
   645 | D:2      | Killed Robin
   645 | D:2      | Reached skill level 1 in Invocations
   805 | D:2      | Noticed a +0 dagger
   806 | D:2      | Noticed a -3 dagger
   808 | D:2      | Found a hide-covered altar of Uskayaw.
   873 | D:2      | Reached skill level 1 in Short Blades
   873 | D:2      | Reached skill level 1 in Long Blades
   873 | D:2      | Reached skill level 1 in Axes
   873 | D:2      | Reached skill level 1 in Polearms
   873 | D:2      | Reached skill level 1 in Staves
   873 | D:2      | Reached skill level 1 in Slings
   873 | D:2      | Reached skill level 1 in Bows
   873 | D:2      | Reached skill level 1 in Crossbows
   873 | D:2      | Reached skill level 1 in Throwing
   873 | D:2      | Reached skill level 1 in Dodging
   873 | D:2      | Reached skill level 1 in Stealth
   873 | D:2      | Reached skill level 1 in Unarmed Combat
   873 | D:2      | Reached skill level 1 in Spellcasting
   873 | D:2      | Reached skill level 1 in Evocations
   877 | D:2      | Reached XP level 4. HP: 41/41 MP: 5/5
   961 | D:2      | Gained mutation: You have sharp toenails. [potion of
                  | mutation]
   961 | D:2      | Gained mutation: Your movements are slightly less
                  | encumbered by armour. (ER -2) [potion of mutation]
  1084 | D:2      | Reached skill level 1 in Conjurations
  1084 | D:2      | Reached skill level 1 in Hexes
  1084 | D:2      | Reached skill level 1 in Charms
  1084 | D:2      | Reached skill level 1 in Summonings
  1084 | D:2      | Reached skill level 1 in Necromancy
  1084 | D:2      | Reached skill level 1 in Translocations
  1084 | D:2      | Reached skill level 1 in Transmutations
  1084 | D:2      | Reached skill level 1 in Fire Magic
  1084 | D:2      | Reached skill level 1 in Ice Magic
  1084 | D:2      | Reached skill level 1 in Air Magic
  1084 | D:2      | Reached skill level 1 in Earth Magic
  1084 | D:2      | Reached skill level 1 in Poison Magic
  1254 | D:3      | Reached XP level 5. HP: 47/47 MP: 6/6
  1295 | D:3      | Noticed Grinder
  1316 | D:3      | Killed Grinder
  1316 | D:3      | Reached skill level 5 in Maces & Flails
  1316 | D:3      | Reached XP level 6. HP: 19/53 MP: 6/8
  1367 | D:3      | Noticed Killmatronix's ghost (amateur MiFE)
  1369 | D:3      | Found a runed translucent door.
  1519 | D:3      | Reached XP level 7. HP: 28/59 MP: 10/10
  1625 | D:3      | Noticed Jessica
  1631 | D:3      | Killed Jessica
  1642 | D:3      | Found a glowing drain.
  1669 | Sewer    | Entered a sewer
  2475 | D:4      | Found a staircase to the Ecumenical Temple.
  2489 | D:4      | Reached XP level 8. HP: 41/67 MP: 12/12
  2699 | D:4      | Noticed a troll
  2709 | D:4      | Killed a troll
  2801 | D:4      | Found a sparkling altar of Nemelex Xobeh.
  2801 | D:4      | Found a shimmering blue altar of Sif Muna.
  2813 | D:4      | Found a burning altar of Makhleb.
  3035 | D:5      | Entered Level 5 of the Dungeon
  3098 | D:5      | Got an ancient hunting sling
  3103 | D:5      | Noticed Menkaure
  3115 | D:5      | Killed Menkaure
  3319 | D:5      | Found Xalaogro's Armour Emporium.
  3328 | D:5      | Bought a +4 scale mail of poison resistance for 308 gold
                  | pieces
  3387 | D:5      | Reached XP level 9. HP: 53/72 MP: 14/14
  3700 | D:5      | Identified the +5 hunting sling "Vazxi" {venom, +Fly rPois
                  | Str+7} (You found it on level 5 of the Dungeon)
  3888 | D:6      | Found a blossoming altar of Fedhas.
  4119 | D:6      | Found an ancient bone altar of Kikubaaqudgha.
  4121 | D:6      | Found a blossoming altar of Fedhas.
  4540 | D:6      | Found a stormy altar of Qazlal.
  5265 | D:7      | Reached skill level 5 in Invocations
  5603 | D:7      | Found a basalt altar of Yredelemnul.
  5931 | D:8      | Reached XP level 10. HP: 80/80 MP: 17/17
  6015 | D:8      | Reached skill level 5 in Short Blades
  6015 | D:8      | Reached skill level 5 in Long Blades
  6015 | D:8      | Reached skill level 5 in Axes
  6015 | D:8      | Reached skill level 5 in Polearms
  6015 | D:8      | Reached skill level 5 in Staves
  6015 | D:8      | Reached skill level 5 in Slings
  6015 | D:8      | Reached skill level 5 in Bows
  6015 | D:8      | Reached skill level 5 in Crossbows
  6015 | D:8      | Reached skill level 5 in Throwing
  6015 | D:8      | Reached skill level 5 in Dodging
  6015 | D:8      | Reached skill level 5 in Stealth
  6015 | D:8      | Reached skill level 5 in Unarmed Combat
  6015 | D:8      | Reached skill level 5 in Spellcasting
  6015 | D:8      | Reached skill level 5 in Evocations
  6018 | D:8      | Noticed Erica
  6028 | D:8      | Killed Erica
  6453 | D:8      | Found a shattered altar of Ashenzari.
  6463 | D:8      | Noticed an elephant
  6468 | D:8      | Found a staircase to the Lair.
  6483 | D:8      | Killed an elephant
  6835 | D:8      | Found a runed translucent door.
  6837 | D:8      | Noticed losten's ghost (novice MiFi)
  6841 | D:8      | Identified the +2 spear of Termination {pierce, rPois rN+}
  7007 | Temple   | Entered the Ecumenical Temple
  7054 | Temple   | Became a worshipper of Warmaster Okawaru
  7797 | D:8      | Killed losten's ghost
  7797 | D:8      | Reached * piety under Okawaru
  7813 | D:8      | Reached XP level 11. HP: 84/87 MP: 19/19
  8034 | D:9      | Noticed a two-headed ogre
  8043 | D:9      | Killed a two-headed ogre
  8043 | D:9      | Reached ** piety under Okawaru
  8550 | D:10     | Entered Level 10 of the Dungeon
  8621 | D:10     | Reached skill level 5 in Conjurations
  8621 | D:10     | Reached skill level 5 in Hexes
  8621 | D:10     | Reached skill level 5 in Charms
  8621 | D:10     | Reached skill level 5 in Summonings
  8621 | D:10     | Reached skill level 5 in Necromancy
  8621 | D:10     | Reached skill level 5 in Translocations
  8621 | D:10     | Reached skill level 5 in Transmutations
  8621 | D:10     | Reached skill level 5 in Fire Magic
  8621 | D:10     | Reached skill level 5 in Ice Magic
  8621 | D:10     | Reached skill level 5 in Air Magic
  8621 | D:10     | Reached skill level 5 in Earth Magic
  8621 | D:10     | Reached skill level 5 in Poison Magic
  8647 | D:10     | Noticed Maurice
  8666 | D:10     | Killed Maurice
  8747 | D:10     | Reached *** piety under Okawaru
  9793 | D:11     | Noticed Grum
 10169 | D:11     | Killed an unseen horror
 10262 | D:11     | Killed Grum
 10353 | D:11     | Learned a level 1 spell: Magic Dart
 10356 | D:11     | Learned a level 2 spell: Blink
 10833 | D:12     | Reached **** piety under Okawaru
 10924 | D:12     | Noticed Rupert
 10931 | D:12     | Found a staircase to the Orcish Mines.
 10939 | D:12     | Killed Rupert
 10939 | D:12     | Received a gift from Okawaru
 10939 | D:12     | Reached XP level 12. HP: 96/96 MP: 18/22
 10949 | D:12     | Noticed a seven-headed hydra
 10960 | D:12     | Killed a seven-headed hydra
 10960 | D:12     | Reached ***** piety under Okawaru
 10960 | D:12     | Received a gift from Okawaru
 11186 | D:12     | Noticed a two-headed ogre
 11194 | D:12     | Killed a two-headed ogre
 11682 | D:12     | Noticed Urug
 11701 | D:12     | Killed Urug
 11888 | D:12     | Noticed Erolcha
 11918 | D:12     | Cast into level 2 of the Abyss (Erolcha)
 12145 | Abyss:2  | Noticed an ophan
 12175 | Abyss:2  | Killed an ophan
 12181 | Abyss:2  | Reached skill level 10 in Fighting
 12181 | Abyss:2  | Reached skill level 10 in Armour
 12181 | Abyss:2  | Reached skill level 10 in Shields
 12362 | Abyss:2  | Noticed a wretched star
 12468 | Abyss:2  | Received a gift from Okawaru
 12471 | Abyss:2  | Noticed a tentacled starspawn
 12486 | Abyss:2  | Slain by a tentacled starspawn

Levels and vault maps discovered:
D:1:      ldierk_water_garden, layout_rooms
D:2:      layout_rooms, brannock_xom_greatest_gift, dancing_weapons_uskayaw,
          uniq_robin
D:3:      cheibrodos_thug_alley, layout_loops_ring, portal_sewer_entry_f,
          hellmonk_ghost_happy_afterlife, uniq_grinder, uniq_jessica
D:4:      layout_cave_pools, chequers_temple_overflow_statue_of_worship,
          minmay_temple_entry_sparse_star, minmay_hedge_maze
D:5:      old_forge, layout_basic, first_ration, serial_shops,
          nicolae_shop_waterfront, moated_statue, uniq_menkaure
D:6:      layout_layer_cave, grunt_temple_overflow_growth_and_decay,
          lemuel_coloured_pillars_altar, fountainhead, fedhas_altar_1
D:7:      layout_basic, kennysheep_mini, the_bakery
D:8:      cheibrodos_fzero, layout_basic, lemuel_crystal_altar,
          david_lair_generic, ebering_ghost_funeral_grove,
          ebering_dispersal_statue_hall, uniq_erica
D:9:      layout_basic, chequers_avenue
D:10:     layout_irregular_city, uniq_maurice
D:11:     layout_grid_maze, uniq_grum
D:12:     layout_small_grid, orc_0_dummy, uniq_erolcha, uniq_urug, uniq_rupert
Temple:   nicolae_temple_hex_pool
Abyss:2:  evilmike_abyss_exit_1

Skill      XL: |  1  2  3  4  5  6  7  8  9 10 11 12 |
---------------+-------------------------------------+-----
Invocations    | 1 2 3 4 5 6 7 8 |  8.3
Short Blades   | 1 2 3 4 5 6 7 |  7.5
Long Blades    | 1 2 3 4 5 6 7 |  7.5
Axes           | 1 2 3 4 5 6 7 |  7.5
Polearms       | 1 2 3 4 5 6 7 |  7.5
Staves         | 1 2 3 4 5 6 7 |  7.5
Slings         | 1 2 3 4 5 6 7 |  7.5
Bows           | 1 2 3 4 5 6 7 |  7.5
Crossbows      | 1 2 3 4 5 6 7 |  7.5
Throwing       | 1 2 3 4 5 6 7 |  7.5
Dodging        | 1 2 3 4 5 6 7 |  7.5
Stealth        | 1 2 3 4 5 6 7 |  7.5
Unarmed Combat | 1 2 3 4 5 6 7 |  7.5
Spellcasting   | 1 2 3 4 5 6 7 |  7.5
Evocations     | 1 2 3 4 5 6 7 |  7.5
Conjurations   | 1 2 3 4 5 6 |  6.3
Hexes          | 1 2 3 4 5 6 |  6.3
Charms         | 1 2 3 4 5 6 |  6.3
Summonings     | 1 2 3 4 5 6 |  6.3
Necromancy     | 1 2 3 4 5 6 |  6.3
Translocations | 1 2 3 4 5 6 |  6.3
Transmutations | 1 2 3 4 5 6 |  6.3
Fire Magic     | 1 2 3 4 5 6 |  6.3
Ice Magic      | 1 2 3 4 5 6 |  6.3
Air Magic      | 1 2 3 4 5 6 |  6.3
Earth Magic    | 1 2 3 4 5 6 |  6.3
Poison Magic   | 1 2 3 4 5 6 |  6.3
Maces & Flails | 5 6 7 8 |  8.9
Fighting       | 7 8 9 10 | 10.0
Armour         | 7 8 9 10 | 10.0
Shields        | 7 8 9 10 | 10.0

Action                   |  1- 3 |  4- 6 |  7- 9 | 10-12 || total
-------------------------+-------+-------+-------+-------++-------
Melee: Flail             |    19 |       |    63 |       ||    82
       Short sword       |    76 |    93 |   243 |       ||   412
       Bite              |     8 |     9 |    46 |    71 ||   134
       Kick              |       |    26 |   143 |   189 ||   358
       Spear             |       |       |    89 |   215 ||   304
       Morningstar       |       |       |    59 |    13 ||    72
       Trident           |       |       |       |    92 ||    92
       Scimitar          |       |       |       |   125 ||   125
 Fire: Hunting sling     |       |       |    29 |    76 ||   105
Invok: Heroism           |       |       |       |     4 ||     4
       Finesse           |       |       |       |     1 ||     1
 Abil: Evoke Invisibilit |       |       |       |     2 ||     2
Evoke: Wand              |       |       |     3 |     4 ||     7
  Use: Scroll            |       |     5 |    18 |     8 ||    31
       Potion            |       |     1 |     2 |     2 ||     5
 Stab: Sleeping          |       |       |     5 |     9 ||    14
       Held in net/web   |       |       |     1 |       ||     1
       Distracted        |       |       |       |     1 ||     1
       Invisible         |       |       |       |     1 ||     1
  Eat: Chunk             |       |     2 |    14 |    14 ||    30
       Ration            |       |       |       |     3 ||     3
Armor: Scale mail        |    64 |    41 |   141 |    91 ||   337
Dodge: Dodged            |    37 |    38 |   169 |   203 ||   447
Block: Shield            |    90 |    64 |   260 |   231 ||   645
       Rpst.: Scimitar   |       |       |       |    13 ||    13

Table legend:
 A = Non-vault XP
 B = Vault XP
 C = Vault XP percentage of total XP
 D = Non-vault monster count
 E = Vault monster count
 F = Vault count percentage of total count
                 A         B        C        D         E       F
            +---------+---------+-------+---------+---------+-------
      Total |   19634 |   10514 |  34.9 |     242 |     124 |  33.9
            +---------+---------+-------+---------+---------+-------
        D:1 |      30 |      14 |  31.8 |      17 |       7 |  29.2
        D:2 |      85 |      23 |  21.3 |      13 |       5 |  27.8
        D:3 |      72 |     531 |  88.1 |      23 |      18 |  43.9
        D:4 |     571 |       0 |   0.0 |      13 |       0 |   0.0
        D:5 |     543 |     423 |  43.8 |      16 |      18 |  52.9
        D:6 |     850 |       0 |   0.0 |      21 |       0 |   0.0
        D:7 |     898 |     201 |  18.3 |      31 |       1 |   3.1
        D:8 |     560 |    4133 |  88.1 |       7 |      21 |  75.0
        D:9 |    1904 |       0 |   0.0 |      24 |       0 |   0.0
       D:10 |    1764 |     508 |  22.4 |      19 |       1 |   5.0
       D:11 |    2369 |     398 |  14.4 |      21 |       3 |  12.5
       D:12 |    5665 |    3952 |  41.1 |      21 |       2 |   8.7
    Abyss:2 |    4323 |       0 |   0.0 |      16 |       0 |   0.0
      Sewer |       0 |     331 | 100.0 |       0 |      48 | 100.0
            +---------+---------+-------+---------+---------+-------
